 Dungeon Sprint DCSS version 0.28.0-47-ge53b351184 (webtiles) character file.

Game seed: 8763839352060821404

7033 Zeld the Severer (level 10, -6/96 HPs)
             Began as a Minotaur Berserker on May 10, 2022.
             Was a High Priest of Trog.
             Mangled by a centaur warrior (7 damage)
             ... in the Dungeon (Sprint I: "Red Sonja").
             The game lasted 00:04:26 (2267 turns).

Zeld the Severer (Minotaur Berserker)               Turns: 2267, Time: 00:04:26

Health: -6/96      AC:  4    Str: 28 (29) XL:     10   Next: 83%
Magic:  8/8        EV: 15    Int:  0      God:    Trog [*****.]
Gold:   437        SH:  0    Dex:  9 (10) Spells: 9/9 levels left

rFire   . . .      SeeInvis .   a - +2 battleaxe
rCold   . . .      Faith    .   (shield currently unavailable)
rNeg    . . .      Spirit   .   b - +0 animal skin
rPois   .          Reflect  .   (helmet restricted)
rElec   .          Harm     .   l - scarf {repulsion}
rCorr   .          Rampage  .   k - +1 pair of gloves {Str+3}
Will    ++...      Rage     1%  (no boots)
Stlth   +......... NoTele   +   (no amulet)
HPRegen 1.26/turn               (no ring)
MPRegen 0.11/turn               (no ring)

@: strong-willed, regenerating, slowed, lost intelligence, repel missiles,
unable to read, very slow
A: horns 2, retaliatory headbutt, berserk 1, deformed body, deterioration 2,
dopey 2, frail 1, low MP 1, inability to read while threatened
a: Renounce Religion, Berserk, Trog's Hand, Brothers in Arms


You were in the Dungeon.
You worshipped Trog.
Trog was extremely pleased with you.
You visited 1 branch You collected 1000 gold pieces.
You spent 563 gold pieces at shops.

Inventory:

Hand Weapons
 a - a +2 battleaxe (weapon)
Armour
 b - a +0 animal skin (worn)
 k - a +1 pair of gloves of strength (worn)
 l - a scarf of repulsion (worn)
Wands
 i - a wand of polymorph (7)
Scrolls
 h - a scroll of blinking
 j - 2 scrolls of enchant weapon
Potions
 c - 4 potions of curing
 d - a potion of heal wounds
 e - a potion of haste
 f - 2 potions of magic
 g - a potion of berserk rage
 m - a potion of might
 n - a potion of invisibility


   Skills:
 * Level 16.1 Fighting
 - Level 20.0 Axes
 - Level 12.0 Armour
 - Level 12.0 Dodging
 * Level 4.5 Evocations


You had 9 spell levels left.
You didn't know any spells.
Your spell library was empty.

Dungeon Overview and Level Annotations

Branches:
Dungeon (1/1)

Altars:
Cheibriados
Dithmenos
Elyvilon
Fedhas
Gozag
Hepliaklqana
Kikubaaqudgha
Makhleb
Nemelex Xobeh
Okawaru
Qazlal
Ru
Sif Muna
Trog
Uskayaw
Vehumet
Wu Jian
Xom
Yredelemnul
Zin
The Shining One
Jiyva
Lugonu

Shops:
D [*[[(=[


Innate Abilities, Weirdness & Mutations

You have a pair of horns on your head.
You reflexively headbutt those who attack you in melee.
You tend to lose your temper in combat.
Armour fits poorly on your strangely shaped body.
Your body often deteriorates upon taking damage.
You are very dopey. (Int -4)
You are frail. (-10% HP)
Your magical capacity is low. (-10% MP)
You sometimes lose the ability to read scrolls when taking damage.


Message History

The centaur warrior shoots an arrow.
The arrow closely misses you.
The centaur warrior shoots an arrow.
The arrow misses you.
The centaur warrior shoots an arrow.
The arrow barely misses you.
Your skin crawls.
You feel strong-willed.
The centaur warrior unwields a +0 longbow.
The centaur warrior hits you!
You feel threatened and lose the ability to read scrolls!
The centaur warrior barely misses you.
The centaur warrior unwields a +0 shortbow.
The centaur warrior barely misses you. You furiously retaliate!
You headbutt the centaur warrior. The centaur warrior barely misses you.
The centaur warrior hits you!
The centaur warrior kicks you but does no damage.
You slash the centaur warrior! You headbutt the centaur warrior!
The centaur warrior is heavily wounded.
You closely miss the centaur warrior. The centaur warrior hits you.
The centaur warrior kicks you but does no damage.
The centaur warrior hits you!
* * * LOW HITPOINT WARNING * * *
Your body deteriorates!
You feel clumsy. The centaur warrior kicks you.
* * * LOW HITPOINT WARNING * * *
The centaur warrior closely misses you. The centaur warrior barely misses you.
Unknown command.
You cannot read scrolls in your current state!
Your skin crawls.
You feel strong-willed. The centaur warrior hits you.
* * * LOW HITPOINT WARNING * * *
The centaur warrior barely misses you. The centaur warrior hits you.
* * * LOW HITPOINT WARNING * * *
The centaur warrior kicks you.
* * * LOW HITPOINT WARNING * * *
The centaur warrior hits you.
* * * LOW HITPOINT WARNING * * *
The centaur warrior kicks you.
* * * LOW HITPOINT WARNING * * *
The centaur warrior hits you!
You die...

################################
.#..)..#.)'..#__#..')..#)[#.§§.+
.)..#..'..#..'..'..#)..##'#§####
.#####'#####'#__####...').#§#
.####..#...#.####§§#####..'.#
.#__####..##.#§≈§§§# #+####
.#_____##'#_.'§§§c§+ ...
⌠#_.∩...'..._#§§@c§# #....
##_..__##_.#'##+#### ###...
#_____###'#.#(.(.### °..#
##########.####'###)## °.##
........'...'.....')∩# °°#
#''''####.).##########
......####.### .......#.#'#.#
.#.....#.....#


You could see 2 centaur warriors.

Vanquished Creatures
  A deep troll (D)
  A lindwurm (D)
  8 shining eyes (D)
  A gargoyle (D)
  4 demonic crawlers (D)
  2 kobold demonologists (D)
  A slime creature (D)
  Sigmund (D)
  A yak (D)
  An acid dragon (D)
  5 floating eyes (D)
  An ogre (D)
  A jelly (D)
  Ijyb (D)
  A ballistomycete spore (D)
30 creatures vanquished.

Vanquished Creatures (others)
  A ballistomycete spore (D)
1 creature vanquished.

Grand Total: 31 creatures vanquished

Notes
Turn   | Place    | Note
-------+----------+-------------------------------------------
     0 | D        | Zeld the Minotaur Berserker began the quest for the Orb.
     0 | D        | Reached XP level 1. HP: 19/19 MP: 0/0
     2 | D        | Noticed Ijyb
    13 | D        | Killed Ijyb
    14 | D        | Reached skill level 5 in Fighting
    14 | D        | Reached skill level 5 in Axes
    14 | D        | Reached XP level 2. HP: 22/29 MP: 1/1
   334 | D        | Noticed an ogre
   338 | D        | Killed an ogre
   339 | D        | Reached skill level 7 in Axes
   339 | D        | Reached skill level 5 in Armour
   339 | D        | Reached XP level 3. HP: 39/39 MP: 2/2
   339 | D        | Reached XP level 4. HP: 47/47 MP: 3/3
   386 | D        | Noticed Sigmund
   395 | D        | Killed Sigmund
   395 | D        | Reached ** piety under Trog
   396 | D        | Reached skill level 9 in Axes
   396 | D        | Reached XP level 5. HP: 57/57 MP: 4/4
   396 | D        | Reached XP level 6. HP: 64/64 MP: 5/5
   408 | D        | Found a burning altar of Makhleb.
   408 | D        | Found a viscous altar of Jiyva.
   408 | D        | Found a shimmering altar of Xom.
   408 | D        | Found a corrupted altar of Lugonu.
   408 | D        | Noticed a slime creature
   607 | D        | Killed a slime creature
   608 | D        | Reached skill level 10 in Fighting
   608 | D        | Reached skill level 10 in Axes
   649 | D        | Found an ornate altar of the Wu Jian Council.
   649 | D        | Found a shimmering blue altar of Sif Muna.
   651 | D        | Found a radiant altar of Vehumet.
   765 | D        | Found Jooh's Armour Emporium.
   765 | D        | Found an ancient bone altar of Kikubaaqudgha.
   765 | D        | Found a hazy altar of Hepliaklqana.
   765 | D        | Found a hide-covered altar of Uskayaw.
   765 | D        | Found a basalt altar of Yredelemnul.
   765 | D        | Found an opulent altar of Gozag.
   765 | D        | Found a snail-covered altar of Cheibriados.
   765 | D        | Found a sacrificial altar of Ru.
   765 | D        | Found a shadowy altar of Dithmenos.
   765 | D        | Noticed a yak
   766 | D        | Found a stormy altar of Qazlal.
   766 | D        | Found a blossoming altar of Fedhas.
   766 | D        | Found a bloodstained altar of Trog.
   766 | D        | Found an iron altar of Okawaru.
   766 | D        | Found a glowing golden altar of the Shining One.
   766 | D        | Found a glowing silver altar of Zin.
   766 | D        | Found a white marble altar of Elyvilon.
   772 | D        | Killed a yak
   773 | D        | Reached skill level 11 in Axes
   773 | D        | Reached XP level 7. HP: 74/74 MP: 6/6
   774 | D        | Found a sparkling altar of Nemelex Xobeh.
   778 | D        | Bought a +1 pair of gloves of strength for 181 gold pieces
   888 | D        | Noticed Sonja
   891 | D        | Noticed Sonja
   891 | D        | Sonja changed into Sonja the acid dragon
   898 | D        | Killed Sonja the acid dragon
  1033 | D        | Noticed a deep troll
  1044 | D        | Killed a deep troll
  1044 | D        | Reached *** piety under Trog
  1045 | D        | Reached skill level 13 in Axes
  1045 | D        | Reached XP level 8. HP: 20/86 MP: 7/7
  1341 | D        | Found Adynkyl's Armour Emporium.
  1347 | D        | Bought a scarf of repulsion for 168 gold pieces
  1358 | D        | Noticed a centaur warrior
  1405 | D        | Found Kain's Antique Armour Boutique.
  1419 | D        | Noticed a shining eye
  1419 | D        | Noticed a shining eye
  1419 | D        | Noticed a shining eye
  1420 | D        | Paralysed by a floating eye for 2 turns
  1427 | D        | Noticed a shining eye
  1427 | D        | Noticed a shining eye
  1427 | D        | Noticed a shining eye
  1427 | D        | Gained mutation: Armour fits poorly on your strangely
                  | shaped body. [a shining eye]
  1429 | D        | Gained mutation: You are clumsy. (Dex -2) [a shining eye]
  1431 | D        | Gained mutation: Your spells are a little harder to cast,
                  | but a little more powerful. [a shining eye]
  1434 | D        | Gained mutation: You possess an exceptional clarity of
                  | mind. [a shining eye]
  1435 | D        | Killed a shining eye
  1435 | D        | Reached **** piety under Trog
  1436 | D        | Reached skill level 14 in Axes
  1436 | D        | Reached skill level 10 in Armour
  1438 | D        | Gained mutation: You sometimes lose the ability to read
                  | scrolls when taking damage. [a shining eye]
  1439 | D        | Killed a shining eye
  1440 | D        | Reached XP level 9. HP: 96/96 MP: 8/8
  1441 | D        | Killed a shining eye
  1442 | D        | Reached skill level 15 in Fighting
  1442 | D        | Reached skill level 15 in Axes
  1442 | D        | Reached skill level 10 in Dodging
  1444 | D        | Gained mutation: You are dopey. (Int -2) [a shining eye]
  1445 | D        | Killed a shining eye
  1446 | D        | Reached skill level 16 in Axes
  1450 | D        | Killed a shining eye
  1451 | D        | Lost mutation: You possess an exceptional clarity of mind.
                  | [a shining eye]
  1453 | D        | Gained mutation: Your body sometimes deteriorates upon
                  | taking damage. [a shining eye]
  1454 | D        | Killed a shining eye
  1454 | D        | Reached ***** piety under Trog
  1455 | D        | Noticed a shining eye
  1455 | D        | Noticed a shining eye
  1456 | D        | Gained mutation: Your body often deteriorates upon taking
                  | damage. [a shining eye]
  1458 | D        | Gained mutation: You have hidden genetic defects. [a
                  | shining eye]
  1459 | D        | Lost mutation: You are clumsy. (Dex -2) [a shining eye]
  1461 | D        | Lost intelligence.
  1461 | D        | Gained mutation: You are very dopey. (Int -4) [a shining
                  | eye]
  1462 | D        | Reached skill level 17 in Axes
  1462 | D        | Reached XP level 10. HP: 105/105 MP: 9/9
  1462 | D        | Gained mutation: You tend to lose your temper in combat. [a
                  | shining eye]
  1464 | D        | Lost mutation: You tend to lose your temper in combat. [a
                  | shining eye]
  1466 | D        | Gained mutation: You tend to lose your temper in combat. [a
                  | shining eye]
  1468 | D        | Killed a shining eye
  1468 | D        | Received a gift from Trog
  1472 | D        | Lost mutation: Your spells are a little harder to cast, but
                  | a little more powerful. [a shining eye]
  1474 | D        | Killed a shining eye
  1475 | D        | Reached skill level 18 in Axes
  1487 | D        | Found Dagi's Weapon Shop.
  1487 | D        | Found Ohucac's General Store.
  1487 | D        | Found Afeciusm's Jewellery Boutique.
  1487 | D        | Found Ofuosoon's Antique Armour Emporium.
  1488 | D        | Gained mutation: You are frail. (-10% HP) [hidden defects]
  1494 | D        | Bought a potion of might for 44 gold pieces
  1494 | D        | Bought a potion of invisibility for 88 gold pieces
  1494 | D        | Bought a scroll of enchant weapon for 82 gold pieces
  1747 | D        | Noticed a rust devil
  1761 | D        | Reached skill level 19 in Axes
  1900 | D        | Noticed a gargoyle
  1906 | D        | Reached skill level 20 in Axes
  1907 | D        | Gained mutation: Your magical capacity is low. (-10% MP)
                  | [hidden defects]
  1907 | D        | Lost mutation: You have hidden genetic defects. [hidden
                  | defects expressed]
  1909 | D        | Killed a gargoyle
  2057 | D        | Noticed a lindwurm
  2067 | D        | Killed a lindwurm
  2067 | D        | Reached ****** piety under Trog
  2255 | D        | Noticed a centaur warrior
  2267 | D        | HP: 3/96 [centaur warrior (5)]
  2267 | D        | HP: 1/96 [centaur warrior (2)]
  2267 | D        | Mangled by a centaur warrior

Illustrated notes

Levels and vault maps discovered:
D:        dungeon_sprint_1 [red_sonja_temple_1, red_sonja_temple_small_1]

Skill      XL: |  1  2  3  4  5  6  7  8  9 10 |
---------------+-------------------------------+-----
Fighting       | 5 7 9 11 13 14 15 16 | 16.1
Axes           | 5 7 9 11 13 14 17 20 | 20.0
Armour         | 3 5 6 7 9 10 12 | 12.0
Dodging        | 3 4 6 7 8 9 11 12 | 12.0
Evocations     | 4 |  4.5

Action                   |  1- 3 |  4- 6 |  7- 9 | 10-12 || total
-------------------------+-------+-------+-------+-------++-------
Melee: Unarmed           |     8 |     8 |       |       ||    16
       Hand axe          |     3 |    13 |    48 |    11 ||    75
       Headbutt          |       |     4 |    17 |    17 ||    38
       Punch             |       |       |     1 |     2 ||     3
       Battleaxe         |       |       |       |    34 ||    34
Invok: Berserk           |     1 |     3 |     2 |     1 ||     7
       Trog's Hand       |       |       |     1 |     3 ||     4
Evoke: Wand              |       |       |     1 |       ||     1
Armor: Skin              |     3 |       |       |       ||     3
       Animal skin       |       |     1 |     2 |     8 ||    11
Dodge: Dodged            |     6 |    11 |    13 |    48 ||    78
       Repelled          |       |       |       |     1 ||     1
